 Dungeon Crawl Stone Soup version 0.28.0-53-g5a82cb258f (webtiles) character file.

Game seed: 5216835838212985304

187 Kaptain the Digger (level 5, 0/31 HPs)
             Began as a Gargoyle Earth Elementalist on July 14, 2022.
             Slain by a scorpion (8 damage)
             ... on level 4 of the Dungeon.
             The game lasted 00:06:11 (3353 turns).

Kaptain the Digger (Gargoyle Earth Elementalist)    Turns: 3353, Time: 00:06:11

Health: 0/31       AC:  7    Str: 12    XL:     5   Next: 66%
Magic:  1/9        EV: 11    Int: 17    God:
Gold:   159        SH:  0    Dex: 10    Spells: 5/9 levels left

rFire   . . .      SeeInvis .   q - +1 morningstar (drain)
rCold   . . .      Faith    .   (no shield)
rNeg    + . .      Spirit   .   b - +0 robe
rPois   ∞          Reflect  .   (no helmet)
rElec   +          Harm     .   j - +0 cloak
rCorr   .          Rampage  .   (no gloves)
Will    .....                   (no boots)
Stlth   ++........              (no amulet)
HPRegen 0.10/turn               (no ring)
MPRegen 0.11/turn               (no ring)

@: no status effects
A: sickness immunity, AC +4, negative energy resistance 1, electricity
resistance, torment resistance 1, petrification resistance
a: no special abilities


You were on level 4 of the Dungeon.
You visited 1 branch of the dungeon, and saw 4 of its levels.

You collected 159 gold pieces.

Inventory:

Hand Weapons
 k - a +0 rapier
 q - a +1 morningstar of draining (weapon)
Missiles
 c - a stone
 p - 45 sling bullets
Armour
 b - a +0 robe (worn)
 e - a +0 leather armour
 j - a +0 cloak (worn)
Magical Staves
 n - a staff of fire
Scrolls
 a - a scroll of enchant weapon {unknown}
 d - 5 scrolls of identify {unknown}
 f - a scroll of silence {unknown}
 g - a scroll of torment {unknown}
 l - a scroll of vulnerability {unknown}
 m - 2 scrolls of enchant armour {unknown}
 r - a scroll of fear {unknown}
Potions
 h - a potion of flight {unknown}
 i - a potion of resistance {unknown}
 o - 2 potions of curing {unknown}
 s - a potion of brilliance {unknown}
 t - a potion of mutation {unknown}


   Skills:
 * Level 2.5 Fighting
 + Level 1.3 Armour
 - Level 1.5 Dodging
 + Level 2.9 Stealth
 * Level 2.9 Spellcasting
 * Level 2.3 Conjurations
 - Level 0.7 Transmutations
 * Level 4.5 Earth Magic


You had 5 spell levels left.
You knew the following spells:

 Your Spells              Type           Power      Damage    Failure   Level
a - Sandblast             Erth           34%        2d9       2%          1
b - Stone Arrow           Conj/Erth      28%        3d8       13%         3

Your spell library contained the following spells:

 Spells                   Type           Power      Damage    Failure   Level
 Passwall                 Tmut/Erth      9%         N/A       9%          2
 Petrify                  Tmut/Erth      11%        N/A       52%         4


Dungeon Overview and Level Annotations

Branches:
Dungeon (4/15)
 Temple: D:4-7

Altars:


Innate Abilities, Weirdness & Mutations

You are immune to sickness and miasma.
Your stone body is resilient. (AC +4)
You are immune to poison.
You resist negative energy. (rN+)
You are resistant to electric shocks. (rElec)
You are resistant to unholy torment.
You are immune to petrification.


Message History

The blast of sand hits the scorpion but does no damage.
The scorpion is moderately wounded.
The scorpion barely misses you.
Unknown command.
You hit the scorpion.
The scorpion is heavily wounded.
The scorpion stings you! The scorpion barely misses you.
You hit the scorpion but do no damage.
The scorpion is heavily wounded.
The scorpion stings you.
You closely miss the scorpion.
The scorpion is heavily wounded.
The scorpion stings you. x2
The scorpion closely misses you.
Casting: Sandblast (safe; 2% risk of failure)
Confirm with . or Enter, or press ? or * to list all spells.
Aiming: Sandblast (safe; 2% risk of failure)
Press: ? - help, Shift-Dir - straight line, f/p - scorpion
Aim: a scorpion (heavily wounded, 79% to hit)
The blast of sand hits the scorpion but does no damage.
The scorpion is heavily wounded.
The scorpion barely misses you.
Unknown command.
A hobgoblin comes into view.
The scorpion stings you.
Your magical contamination has completely faded away.
The scorpion stings you.
* * * LOW HITPOINT WARNING * * *
Okay, then.
Casting: Sandblast (safe; 2% risk of failure)
Confirm with . or Enter, or press ? or * to list all spells.
Aiming: Sandblast (safe; 2% risk of failure)
Press: ? - help, Shift-Dir - straight line, f/p - scorpion
Aim: a scorpion (heavily wounded, 79% to hit)
The blast of sand hits the scorpion!
The scorpion is almost dead.
The scorpion stings you but does no damage.
Unknown command.
The scorpion stings you!
You die...

# #..... ...##....... #.##
##...#..# #..#........
#>.###...# #.. ##..........#
#...<..# #..####..........##
##..†.## #..##...#.........
#....## #......##.[.....#
#..##..## ##....###.......#
#.. ##).####.s....##.......#.
#.# ##.....@###.............
.. ##....## ##......#..... ..#
##....## ###........... .#
#......###....)......).
##..####......#....)..........
#...................#.....##..
#.####>....)##....#.#)....#
#......###...#.......#
#..##........)...........


You could see a scorpion.

Vanquished Creatures
  A bullfrog skeleton (D:3)
  An orc priest (D:4)
  4 adders
  2 worms
  A dart slug (D:1)
  7 orcs
  3 endoplasms
  3 giant cockroaches
  11 goblins
  6 hobgoblins
  2 quokkas
  10 ball pythons
  6 bats
  7 frilled lizards
  9 kobolds
  4 rats
77 creatures vanquished.

Notes
Turn   | Place    | Note
-------+----------+-------------------------------------------
     0 | D:1      | Kaptain the Gargoyle Earth Elementalist began the quest for
                  | the Orb.
     0 | D:1      | Reached XP level 1. HP: 10/10 MP: 3/3
   391 | D:1      | Reached XP level 2. HP: 13/16 MP: 5/5
   798 | D:1      | Reached skill level 1 in Fighting
   877 | D:1      | Reached XP level 3. HP: 17/20 MP: 1/6
   881 | D:1      | Learned a level 3 spell: Stone Arrow
   932 | D:1      | Reached skill level 1 in Conjurations
  1373 | D:2      | Reached skill level 4 in Earth Magic
  1416 | D:2      | Found a faded altar of an unknown god.
  1508 | D:2      | Reached XP level 4. HP: 19/25 MP: 0/7
  2356 | D:3      | Reached skill level 1 in Armour
  2776 | D:3      | Reached XP level 5. HP: 23/30 MP: 3/9
  3353 | D:4      | Slain by a scorpion

Illustrated notes

Levels and vault maps discovered:
D:1:      wander_arrival_lonely_grave, layout_basic
D:2:      layout_loops_ring, ebering_ecumenical_altar_mist,
          chequers_decorated_corner
D:3:      layout_basic
D:4:      layout_layer_cave, uniq_pikel

Skill      XL: |  1  2  3  4 |
---------------+-------------+-----
Fighting       | 1 2 |  2.5
Conjurations   | 1 2 |  2.3
Earth Magic    | 4 |  4.5
Armour         | 1 |  1.3
Dodging        | |  1.5
Stealth        | |  2.9
Spellcasting   | |  2.9
Transmutations | |  0.7

Action                   |  1- 3 |  4- 6 || total
-------------------------+-------+-------++-------
Melee: Dagger            |     4 |       ||     4
       Hand axe          |    13 |       ||    13
       Unarmed           |     1 |       ||     1
       Rapier            |    20 |       ||    20
       Morningstar       |       |    16 ||    16
 Cast: Sandblast         |    40 |    42 ||    82
       Stone Arrow       |     3 |    10 ||    13
 Stab: Sleeping          |     1 |       ||     1
Armor: Robe              |    22 |     9 ||    31
Dodge: Dodged            |    31 |    25 ||    56
